 Dungeon Crawl Stone Soup version 0.23-a0-619-g281719c (webtiles) character file.

11 Lavandula the Sneak (level 2, -1/17 HPs)
             Began as a Halfling Enchanter on Dec 22, 2018.
             Slain by a centaur skeleton (5 damage)
             ... on level 2 of the Dungeon.
             The game lasted 00:01:49 (475 turns).

Lavandula the Sneak (Halfling Enchanter)             Turns: 475, Time: 00:01:49

Health: -1/17      AC:  2    Str:  9    XL:     2   Next: 35%
Magic:  0/4        EV: 15    Int: 13    God:
Gold:   58         SH:  0    Dex: 14    Spells: 3/4 levels left

rFire    . . .     SeeInvis .   a - +1 dagger
rCold    . . .     Gourm    .   (shield restricted)
rNeg     . . .     Faith    .   b - +0 robe
rPois    .         Spirit   .   (no helmet)
rElec    .         Reflect  .   (no cloak)
rCorr    .         Harm     .   (no gloves)
MR       .....                  (no boots)
Stlth    ++........             (no amulet)
HPRegen  0.05/turn              (no ring)
MPRegen  0.09/turn              (no ring)

@: very slightly contaminated
A: small, mutation resistance 1
a: no special abilities


You were on level 2 of the Dungeon.
You were not hungry.

You visited 1 branch of the dungeon, and saw 2 of its levels.

You collected 58 gold pieces.

Inventory:

Hand Weapons
 a - a +1 dagger (weapon)
Armour
 b - a +0 robe (worn)
Scrolls
 c - a scroll of amnesia {unknown}
Comestibles
 d - a ration


   Skills:
 + Level 2.7 Short Blades
 - Level 2.1 Dodging
 - Level 3.2 Stealth
 - Level 1.5 Spellcasting
 - Level 2.4 Hexes


You had 3 spell levels left.
You knew the following spells:

 Your Spells              Type           Power        Failure   Level  Hunger
a - Corona                Hex            #......      10%         1    ##.....

Your spell library contained the following spells:

 Spells                   Type           Power        Failure   Level  Hunger
 Ensorcelled Hibernation  Hex/Ice        #.....       24%         2    ###....
 Confuse                  Hex            #.......     30%         3    ####...
 Tukima's Dance           Hex            #.......     30%         3    ####...
 Dazzling Spray           Conj/Hex       #.....       43%         3    ####...


Dungeon Overview and Level Annotations

Branches:
Dungeon (2/15)

Altars:
Xom


Innate Abilities, Weirdness & Mutations

You are small and have problems with some larger weapons.
You are somewhat resistant to further mutation.


Message History

Aiming: Corona (safe; 10% risk of failure)
Press: ? - help, Shift-Dir - straight line, f - centaur skeleton
Aim: a centaur skeleton (chance to defeat MR: 54%)
The centaur skeleton struggles to resist.
The centaur skeleton hits you!
Casting: Corona (safe; 10% risk of failure)
Confirm with . or Enter, or press ? or * to list all spells.
Aiming: Corona (safe; 10% risk of failure)
Press: ? - help, Shift-Dir - straight line, f/p - centaur skeleton
Aim: a centaur skeleton (chance to defeat MR: 54%)
The centaur skeleton is outlined in light.
The centaur skeleton barely misses you. The centaur skeleton hits you.
* * * LOW HITPOINT WARNING * * *
You hit the centaur skeleton.
The centaur skeleton is lightly damaged.
The centaur skeleton misses you.
You hit the centaur skeleton.
The centaur skeleton is moderately damaged.
The centaur skeleton hits you.
You die...

.....## #.#.##.####
#).%.# ##..#.#..##≈≈
S$..# #...##.#.##≈#.
#####..##..#
#..#.#..≈(
..........#
##.##.#.≈..
#....?.###..##.#..#.
#.#...###..###.#≈≈≈#
#Z#.###.## #.#.≈≈≈
####@####..# #..#.##
#.........## ###.##≈
#.........# #..##
#........## ##.#.
#........# #..#.
########## #≈≈#.
##..# ##≈. ##(


You could see a centaur skeleton.

Vanquished Creatures
  A goblin (D:1)
  2 bats
  2 frilled lizards
  5 kobolds
  3 rats
13 creatures vanquished.

Notes
Turn   | Place    | Note
-------+----------+-------------------------------------------
     0 | D:1      | Lavandula the Halfling Enchanter began the quest for the
                  | Orb.
     0 | D:1      | Reached XP level 1. HP: 11/11 MP: 3/3
   342 | D:1      | Reached XP level 2. HP: 12/17 MP: 1/4
   402 | D:2      | Found a shimmering altar of Xom.
   475 | D:2      | Slain by a centaur skeleton

Vault maps used:
D:1:      roderic_dead_forest
D:2:      overflow_temple_1_default, first_ration, tgw_xom

Skill      XL: |  1 |
---------------+----+-----
Short Blades   | 2 |  2.7
Dodging        | |  2.1
Stealth        | |  3.2
Spellcasting   | |  1.5
Hexes          | |  2.4

Action                   || total
-------------------------++-------
Melee: Dagger            ||    48
 Cast: Corona            ||     7
 Stab: Sleeping          ||     1
Armor: Robe              ||     8
Dodge: Dodged            ||    37

Table legend:
 A = Non-vault XP
 B = Vault XP
 C = Vault XP percentage of total XP
 D = Non-vault monster count
 E = Vault monster count
 F = Vault count percentage of total count
                 A         B        C        D         E       F
            +---------+---------+-------+---------+---------+-------
      Total |      13 |       3 |  18.8 |      10 |       3 |  23.1
            +---------+---------+-------+---------+---------+-------
        D:1 |      10 |       0 |   0.0 |       7 |       0 |   0.0
        D:2 |       3 |       3 |  50.0 |       3 |       3 |  50.0
            +---------+---------+-------+---------+---------+-------
